Map: Moebius Facility XX-1

Players

Ashaxyn

  • Race: Terran Terran

Radeus - Winner!

  • Race: Protoss Protoss
  • League: Gold

Gracz

  • Race: Terran Terran
  • League: Bronze

VOD

Have the link to the VOD?

Description

Time

  • Played on: Sept. 9, 2016, 3:48 p.m.
  • Length: 9:36
Show
View Real Time Build Order
Export as new Build Order

Ashaxyn Terran 

Build Orders: Reaper Expand 

Get SALT Encoding   

  12  0:02  SCV  
  13  0:14  Supply Depot  
  13  0:20  SCV  
  14  0:27  Refinery  
  14  0:33  SCV  
  15  1:05  SCV  
  15  1:06  Barracks  
  16  1:21  Command Center  
  16  1:34  SCV  
  17  2:03  Reaper  
  18  2:09  Barracks  
  18  2:20  SCV  
  19  2:27  Supply Depot  
  19  2:38  Barracks Reactor  
  18  3:07  Reaper  
  19  3:28  SCV  
  19  3:30  SCV  
  19  3:33  Supply Depot  
  21  3:38  Reaper x2  
  21  3:40  SCV  
  24  3:42  SCV  
  24  3:44  Reaper  
  24  3:46  Ghost Academy  
  26  3:52  SCV  
  26  3:55  SCV  
  28  4:04  SCV  
  28  4:07  SCV  
  30  4:10  Reaper  
  30  4:13  Reaper  
  30  4:16  SCV  
  33  4:17  Refinery  
  33  4:19  SCV  
  33  4:20  Refinery  
  34  4:28  SCV  
  35  4:40  SCV  
  26  5:13  Reaper x3  
  26  5:27  Command Center  
  21  5:45  SCV  
  21  5:49  Bunker  
  23  5:57  SCV  
  23  6:09  SCV  
  23  6:10  Command Center  
  24  6:19  Bunker  
  24  6:49  Bunker  
  20  7:28  SCV  
  12  7:40  SCV  
  13  7:47  Command Center  
  13  7:52  SCV  
  11  8:04  SCV  
  8  8:16  SCV  
Show
View Real Time Build Order
Export as new Build Order

Radeus Protoss - Winner!

Build Orders:  

Get SALT Encoding   

  12  0:01  Probe (Chrono Boost)  
  13  0:16  Probe (Chrono Boost)  
  13  0:19  Pylon  
  14  0:28  Probe (Chrono Boost)  
  15  0:40  Gateway  
  15  0:43  Assimilator  
  15  0:44  Probe (Chrono Boost)  
  16  0:55  Probe (Chrono Boost)  
  17  1:05  Probe (Chrono Boost)  
  18  1:16  Probe (Chrono Boost)  
  19  1:33  Assimilator  
  19  1:50  Pylon  
  19  2:03  Cybernetics Core  
  19  2:04  Nexus  
  19  2:06  Pylon  
  19  2:18  Probe (Chrono Boost)  
  20  2:28  Probe (Chrono Boost)  
  20  2:29  Warp Gate  
  21  2:39  Probe (Chrono Boost)  
  22  3:04  Mothership Core (Chrono Boost)  
  24  3:24  Probe (Chrono Boost)  
  25  3:42  Pylon  
  25  3:57  Twilight Council  
  26  4:10  Robotics Facility, Probe (Chrono Boost)  
  26  4:11  Probe (Chrono Boost)  
  27  4:20  Probe (Chrono Boost)  
  27  4:23  Probe (Chrono Boost)  
  30  4:31  Probe (Chrono Boost)  
  30  4:32  Gateway  
  30  4:33  Gateway  
  30  4:34  Gateway  
  30  4:35  Gateway, Probe (Chrono Boost)  
  31  4:39  Gateway  
  31  4:40  Gateway  
  31  4:42  Gateway  
  31  4:44  Gateway  
  31  4:56  Probe (Chrono Boost)  
  31  4:57  Dark Shrine  
  33  5:00  Probe (Chrono Boost)  
  33  5:06  Warp Prism, Probe (Chrono Boost)  
  34  5:12  Probe (Chrono Boost)  
  37  5:17  Probe (Chrono Boost)  
  38  5:24  Probe (Chrono Boost)  
  38  5:28  Probe (Chrono Boost)  
  41  5:37  Probe (Chrono Boost)  
  41  5:38  Probe (Chrono Boost)  
  42  5:49  Blink  
  43  5:50  Probe (Chrono Boost)  
  43  5:51  Assimilator  
  43  5:52  Probe (Chrono Boost)  
  43  5:53  Assimilator  
  44  5:57  Warp Prism  
  44  6:00  Probe (Chrono Boost)  
  48  6:04  Probe (Chrono Boost)  
  48  6:18  Zealot x5  
  52  6:19  Zealot x2  
  62  6:26  Pylon  
  62  6:28  Pylon  
  62  6:30  Pylon  
  62  6:32  Pylon  
  62  6:34  Pylon  
  62  6:44  Probe (Chrono Boost)  
  62  6:46  Probe (Chrono Boost)  
  64  6:58  Probe (Chrono Boost)  
  65  7:11  Zealot  
  65  7:19  Zealot  
  65  7:20  Zealot  
  65  8:35  Nexus  
  65  8:36  Pylon  
  65  8:38  Pylon  
  65  8:44  Pylon  
  65  8:46  Pylon  
  65  8:48  Pylon  
  65  8:53  Dark Templar x4  
  65  8:54  Dark Templar x5  
  73  9:04  Stalker  
  73  9:05  Stalker x2  
  73  9:06  Stalker x2  
Show
View Real Time Build Order
Export as new Build Order

Gracz Terran 

Build Orders: Reaper Expand 

Get SALT Encoding   

  12  0:01  SCV  
  13  0:23  SCV  
  14  0:33  Supply Depot  
  14  0:35  Supply Depot  
  14  0:41  Refinery  
  14  0:49  SCV  
  15  1:01  SCV  
  16  1:13  SCV  
  16  1:16  Barracks  
  17  1:25  Barracks, SCV  
  18  2:06  Reaper  
  19  2:12  Reaper  
  20  2:24  Factory  
  20  2:25  Command Center  
  20  2:43  Barracks Reactor  
  20  2:56  Barracks Reactor  
  20  3:30  Barracks  
  20  3:32  Barracks  
  20  3:36  SCV  
  21  3:48  Orbital Command  
  21  3:52  Engineering Bay  
  21  3:54  Engineering Bay  
  21  4:00  Factory Reactor  
  19  6:25  Marine  
  19  6:26  Marine x5  
  12  6:43  Marine  
  12  6:44  Marine  
  9  7:00  Hellion  
  9  7:01  Hellion  
  6  7:10  Reaper x5  
  6  7:11  Reaper  
  12  7:42  Reaper x2  
  2  8:24  Orbital Command  
Tags
 
Add a new tag
Caveats
  • Supply blocks, unpowered buildings, or Contaminate may cause inaccurate times.
  • Supply counts are checked every 10 seconds.